 Dungeon Crawl Stone Soup version 0.17.0-28-g6e173f8 (webtiles) character file.

118 septik the Caller (level 4, -1/30 HPs)
             Began as a Mummy Summoner on Nov 25, 2015.
             Killed from afar by an orc wizard (9 damage)
             ... with a puff of flame
             ... on level 3 of the Dungeon.
             The game lasted 00:07:50 (2895 turns).

septik the Caller (Mummy Summoner)                  Turns: 2895, Time: 00:07:50

Health: -1/30      AC:  3    Str: 11    XL:     4   Next: 72%
Magic:  4/8        EV: 12    Int: 15    God:
Gold:   112        SH:  0    Dex: 12    Spells: 3 memorised, 3 levels left

rFire  x . .     SeeInvis .     i - +2 dagger (drain)
rCold  + . .     Clarity  .     a - +0 robe
rNeg   + + +     SustAt   .     (no shield)
rPois  ∞         Gourm    .     (no helmet)
rElec  .         Spirit   .     (no cloak)
rCorr  .         Warding  .     (no gloves)
rMut   .         Stasis   .     k - +0 pair of boots
MR     .....                    (no amulet)
Stlth  ++........               (no ring)
                                (no ring)

@: not resistant to hostile enchantments, unstealthy
A: no food or potions, fire vulnerability, cold resistance 1, negative energy
resistance 3, torment resistance, unbreathing
a: no special abilities


You were on level 3 of the Dungeon.
You were not hungry.

You visited 1 branch of the dungeon, and saw 3 of its levels.

You collected 112 gold pieces.

Inventory:

Hand Weapons
 i - a +2 dagger of draining (weapon)
Missiles
 h - 78 stones (quivered)
Armour
 a - a +0 robe (worn)
 k - a +0 pair of boots (worn)
Scrolls
 c - 6 scrolls of remove curse {unknown}
 d - a scroll of enchant armour {unknown}
 e - 5 scrolls of identify {unknown}
 f - 2 scrolls of blinking {unknown}
 g - a scroll of teleportation {unknown}
 j - a scroll of magic mapping {unknown}
Books
 b - a book of Callings

   Spells                             Type                      Level
   a - Summon Small Mammal            Summoning                    1
   b - Call Imp                       Summoning                    2
   c - Call Canine Familiar           Summoning                    3
   d - Summon Guardian Golem          Hexes/Summoning              3
   e - Summon Lightning Spire         Summoning/Air                4
   f - Summon Ice Beast               Ice/Summoning                4


   Skills:
 - Level 1.5 Dodging
 - Level 1.5 Stealth
 + Level 3.1 Spellcasting
 * Level 4.5 Summonings


You had 3 spell levels left.
You knew the following spells:

 Your Spells              Type           Power        Failure   Level  Hunger
a - Summon Small Mammal   Summ           ###.         3%          1    N/A
b - Call Imp              Summ           ###.....     6%          2    N/A
c - Call Canine Familiar  Summ           ###.....     12%         3    N/A

Dungeon Overview and Level Annotations

Branches:
Dungeon (3/15)

Altars:
Fedhas
Okawaru
Yredelemnul

Annotations:
D:2 Sigmund


Innate Abilities, Weirdness & Mutations

You do not eat or drink.
Your flesh is vulnerable to fire.
You are immune to poison.
Your flesh is cold resistant.
You are immune to negative energy.
You are immune to unholy pain and torment.
You can survive without breathing.


Message History

You drain the orc wizard!
The orc wizard is lightly wounded.
The orc wizard hits you with a dagger.
The orc wizard looks braver for a moment.
You hit the orc wizard. You drain the orc wizard!
The orc wizard is heavily wounded.
The orc wizard hits you but does no damage.
You hit the orc wizard. You drain the orc wizard!
The orc wizard is severely wounded.
The orc wizard hits you but does no damage.
The orc closely misses you. The orc wizard casts a spell at you.
The magic dart hits you!
* * * LOW HITPOINT WARNING * * *
You closely miss the orc wizard.
The orc wizard is severely wounded.
The orc wizard barely misses you. The orc closely misses you.
The orc wizard gestures at you while chanting.
The puff of flame hits you! The fire burns you terribly!
You die...

#......# #...........
#......###########...........
#.....)...)..................
#......#########.............
#......#########.#...........
#....>...................)(..
#......#######.#.##########.#
#......#...)o#.#.# #####.#
#......#.###@#.#.# #......
#########r# #o#.#.# #......
........#.# #.#.#.######......
........#.# #.#.#.......).....
........'.# #.#.#....#########
........#####.#.#....#
.......<....#.#.#....##
......................########
...........)..###'###.........


You could see an orc wizard and an orc.

Vanquished Creatures
  2 gnolls (D:3)
  An adder (D:3)
  2 orcs (D:3)
  3 giant cockroaches
  2 gnoll zombies (D:2)
  7 goblins
  6 hobgoblins
  6 bats
  A giant newt (D:3)
  5 kobolds
  6 rats
41 creatures vanquished.

Vanquished Creatures (collateral kills)
  An orc wizard (D:3)
  2 adders (D:2)
  A gnoll (D:3)
  A giant gecko (D:2)
  2 orcs (D:3)
  A bat (D:2)
  6 goblins
  4 hobgoblins
  5 giant newts
  2 rats
25 creatures vanquished.

Grand Total: 66 creatures vanquished

Notes
Turn   | Place    | Note
--------------------------------------------------------------
     0 | D:1      | septik the Mummy Summoner began the quest for the Orb.
     0 | D:1      | Reached XP level 1. HP: 13/13 MP: 3/3
   395 | D:1      | Reached XP level 2. HP: 16/19 MP: 1/5
   399 | D:1      | Learned a level 2 spell: Call Imp
   640 | D:1      | You fall through a shaft!
   640 | D:2      | Found an iron altar of Okawaru.
  1546 | D:2      | Reached XP level 3. HP: 18/24 MP: 6/6
  1662 | D:2      | Found a basalt altar of Yredelemnul.
  1758 | D:2      | Noticed Sigmund
  2156 | D:2      | Reached skill level 4 in Summonings
  2234 | D:3      | Found a blossoming altar of Fedhas.
  2342 | D:3      | Reached XP level 4. HP: 15/30 MP: 5/8
  2831 | D:3      | Learned a level 3 spell: Call Canine Familiar
  2895 | D:3      | Killed from afar by an orc wizard

Action                   |  1- 3 |  4- 6 || total
-------------------------+-------+-------++-------
Melee: Dagger            |    97 |    32 ||   129
       Unarmed           |     4 |       ||     4
 Cast: Summon Small Mamm |    27 |     7 ||    34
       Call Imp          |    14 |     5 ||    19
 Stab: Sleeping          |     1 |       ||     1
